 Dungeon Crawl Stone Soup version 0.30-a0-330-g8f2769a82d (webtiles) character file.

Game seed: 14307256348233584196

172 Devinter the Sneak (level 5, -6/36 (38) HPs)
             Began as a Demonspawn Brigand on Oct 29, 2022.
             Mangled by a hell rat (10 damage)
             ... in a sewer.
             The game lasted 00:16:00 (2470 turns).

Devinter the Sneak (Demonspawn Brigand)             Turns: 2470, Time: 00:16:00

HP:   -6/36 (38)    AC:  3    Str: 11    XL:     5   Next: 27%
MP:   7/7           EV: 12    Int: 13    God:
Gold: 126           SH:  0    Dex: 16    Spells: 4/7 levels left

rFire   . . .      SeeInvis .    l - +7 trident of Blind Justice {vorpal, Contam rPois rC- rCorr}
rCold   x . .      Faith    .    (no shield)
rNeg    . . .      Spirit   .    b - +0 robe
rPois   +          Reflect  .    (no helmet)
rElec   .          Harm     .    c - +0 cloak
rCorr   +          Rampage  .    (no gloves)
Will    .....                    (no boots)
Stlth   +++.......               (no amulet)
HPRegen 0.26/turn                (no ring)
MPRegen 0.10/turn                (no ring)

@: hasted, drained, very quick
A: demonic magic 1
a: no special abilities


You were in a sewer.
You visited 1 branch of the dungeon, and saw 4 of its levels.
You also visited: Sewer.

You collected 126 gold pieces.

Inventory:

Hand Weapons
 a - a +2 dagger
 l - the +7 trident of Blind Justice (weapon) {vorpal, Contam rPois rC- rCorr}
   (You found it on level 2 of the Dungeon)

   It inflicts extra damage upon your enemies.
   rC:        It makes you vulnerable to cold.
   rPois:     It protects you from poison.
   Contam:    It causes magical contamination when unequipped.
   rCorr:     It protects you from acid and corrosion.
Missiles
 d - 8 poisoned darts (quivered)
 e - 3 curare-tipped darts
 h - 5 atropa-tipped darts
Armour
 b - a +0 robe (worn)
 c - a +0 cloak (worn)
 q - the +0 leather armour of Inviolability {rPois rCorr}
   (You found it on level 3 of the Dungeon)

   rPois:     It protects you from poison.
   rCorr:     It protects you from acid and corrosion.
Scrolls
 f - 3 scrolls of identify {unknown}
 i - 2 scrolls of noise {unknown}
 k - a scroll of butterflies {unknown}
 m - a scroll of vulnerability {unknown}
 n - a scroll of teleportation {unknown}
 o - a scroll of silence {unknown}
 p - a scroll of amnesia {unknown}
 r - a scroll of summoning {unknown}
 s - a scroll of poison {unknown}
Potions
 g - a potion of haste
 j - 2 potions of heal wounds {unknown}


   Skills:
 - Level 2.0 Fighting
 - Level 2.0 Short Blades
 + Level 1.7 Polearms
 - Level 2.0 Throwing
 - Level 1.0 Dodging
 - Level 5.0 Stealth
 + Level 1.5 Spellcasting
 + Level 1.5 Ice Magic


You had 4 spell levels left.
You knew the following spells:

 Your Spells              Type           Power      Damage    Failure   Level
a - Ozocubu's Armour      Ice            5%         N/A       38%         3

Your spell library contained the following spells:

 Spells                   Type           Power      Damage    Failure   Level
 Cigotuvi's Dreadful Rot  Necr/Pois/Air  0%         N/A       38%         2
 Dispel Undead            Necr           0%         3d6       95%         4
 Death Channel            Necr           0%         N/A       100%        6
 Ozocubu's Refrigeration  Ice            2%         4d8       100%        7


Dungeon Overview and Level Annotations

Branches:
Dungeon (4/15)              Sewer (1/1)
 Temple: D:4-7

Altars:
Xom


Innate Abilities, Weirdness & Mutations

Spells you cast may paralyse adjacent enemies.


Message History

You hit the river rat.
You kill the river rat!
You enter the shallow water.
Moving in this stuff is going to be slow.
You see here a river rat corpse.
A rat comes into view.
You enter the shallow water.
Moving in this stuff is going to be slow.
You enter the shallow water.
Moving in this stuff is going to be slow.
The helpless rat fails to defend itself.
You puncture the rat!
You kill the rat!
You see here a rat corpse.
You enter the shallow water.
Moving in this stuff is going to be slow.
You enter the shallow water.
Moving in this stuff is going to be slow.
You enter the shallow water.
Moving in this stuff is going to be slow.
You enter the shallow water.
Moving in this stuff is going to be slow.
You open the door.
A hell rat comes into view.
The hell rat roars deafeningly!
The hell rat moves out of view.
Found four items.
Found a gate leading back out of this place.
Found three items.
There is an open door here.
You closely miss the hell rat. The hell rat bites you!
You puncture the hell rat!
The hell rat is heavily wounded.
The hell rat bites you!
* * * LOW HITPOINT WARNING * * *
You feel drained.
* * * LOW HITPOINT WARNING * * *
It was a potion of haste.
You feel yourself speed up. The hell rat closely misses you.
The hell rat bites you!
You die...

#########
###~~~.~.~###
###~..~..~..~~###
#.†~~~##@##†..~~#
##.~~###~r.###..~##
#.~~##~~~~~~.##~.~#
#..~#.~.~~~~.~#..~#
#..~##~!?!??.##~~~#
##~~.###!∩!###~~.##
#~~~.~#####~~~~~#
###...~~∩..~~~###
###~.~∩.~~###


You could see a hell rat.

Vanquished Creatures
  Robin (D:4)
  3 adders
  4 river rats
  2 dart slugs
  4 orcs (D:4)
  8 bats
  9 endoplasms
  3 giant cockroaches
  10 goblins
  8 hobgoblins
  3 quokkas
  6 ball pythons
  8 frilled lizards
  9 kobolds
  13 rats
91 creatures vanquished.

Notes
Turn   | Place    | Note
-------+----------+-------------------------------------------
     0 | D:1      | Devinter the Demonspawn Brigand began the quest for the
                  | Orb.
     0 | D:1      | Reached XP level 1. HP: 16/16 MP: 1/1
    42 | D:1      | Reached skill level 1 in Dodging
    57 | D:1      | Reached skill level 2 in Short Blades
    57 | D:1      | Reached skill level 2 in Throwing
    77 | D:1      | Gained mutation: Spells you cast may paralyse adjacent
                  | enemies. [demonic ancestry]
    77 | D:1      | Reached XP level 2. HP: 22/22 MP: 2/2
   133 | D:1      | Reached skill level 4 in Stealth
   645 | D:2      | Identified the +7 trident of Blind Justice {vorpal, Contam
                  | rPois rC- rCorr}
   692 | D:2      | Reached XP level 3. HP: 27/27 MP: 3/3
   726 | D:2      | Found a shimmering altar of Xom.
  1226 | D:2      | Reached skill level 1 in Polearms
  1226 | D:2      | Reached XP level 4. HP: 27/33 MP: 3/5
  1521 | D:3      | Identified the +0 leather armour of Inviolability {rPois
                  | rCorr}
  1751 | D:3      | Reached skill level 1 in Spellcasting
  1836 | D:3      | Found a faded altar of an unknown god.
  1946 | D:3      | Reached skill level 1 in Ice Magic
  1975 | D:3      | Learned a level 3 spell: Ozocubu's Armour
  2290 | D:4      | Noticed Robin
  2300 | D:4      | Killed Robin
  2397 | D:4      | Reached XP level 5. HP: 34/38 MP: 6/6
  2397 | D:4      | Found a glowing drain.
  2411 | D:4      | Reached skill level 5 in Stealth
  2415 | Sewer    | Entered a sewer
  2470 | Sewer    | Mangled by a hell rat

Illustrated notes

Levels and vault maps discovered:
D:1:      shiori_arrival_oz, layout_basic
D:2:      wad_crossroads, layout_basic, basic_altar, minmay_between
D:3:      layout_basic, ebering_ecumenical_altar_petrified
D:4:      layout_basic, portal_sewer_entry_c, uniq_robin
Sewer:    sewer_hellmonk_bad_rat

Skill      XL: |  1  2  3  4  5 |
---------------+----------------+-----
Dodging        | 1 |  1.0
Short Blades   | 2 |  2.0
Throwing       | 2 |  2.0
Stealth        | 4 5 |  5.0
Polearms       | 1 |  1.7
Spellcasting   | 1 |  1.5
Ice Magic      | 1 |  1.5
Fighting       | |  2.0

Action                   |  1- 3 |  4- 6 || total
-------------------------+-------+-------++-------
Melee: Dagger            |    56 |       ||    56
       Trident           |    42 |    76 ||   118
Throw: Dart              |     3 |    10 ||    13
  Use: Potion            |       |     1 ||     1
 Stab: Sleeping          |    15 |     8 ||    23
Armor: Robe              |    17 |    10 ||    27
Dodge: Dodged            |    25 |    38 ||    63

Table legend: (Time is in decaauts)
 A = Elapsed time spent in this place.
 B = Non-inter-level travel time spent in this place.
 C = Inter-level travel time spent in this place.
 D = Time resting spent in this place.
 E = Time spent auto-exploring this place.
 F = Levels seen in this place.
 G = Mean time per level.
                   A        B        C        D        E       F      G
               +--------+--------+--------+--------+--------+-----+--------+
         Total |   2500 |   2416 |     84 |     38 |    745 |   5 |  500.0 |
       Dungeon |   2435 |   2351 |     84 |     38 |    745 |   4 |  608.8 |
         Sewer |     64 |     64 |      0 |      0 |      0 |   1 |   64.0 |
               +--------+--------+--------+--------+--------+-----+--------+

Top non-repeatable levels by time:
     D:2: 927 daAuts
     D:3: 835 daAuts
     D:1: 508 daAuts
     D:4: 164 daAuts
   Sewer: 64 daAuts
